 Dungeon Crawl Stone Soup version 0.15-a0-1880-g53e602b (webtiles) character file.

196551 Kenran the Slayer (level 18, -3/184 HPs)
             Began as a Minotaur Fighter on July 5, 2014.
             Was the Champion of Makhleb.
             Drowned by a water elemental (5 damage)
             ... on Level 2 of the Shoals.
             The game lasted 02:50:08 (39654 turns).

Kenran the Slayer (Minotaur Fighter)               Turns: 39654, Time: 02:50:08

HP  -3/184       AC 43     Str 21      XL: 18   Next: 16%
MP  27/27        EV 11     Int  3      God: Makhleb [******]
Gold 1609        SH  0     Dex 23      Spells:  0 memorised, 17 levels left

rFire  . . .     SeeInvis +     F - +9 great mace (holy)
rCold  . . .     Clarity  .     J - +10 plate armour {ponderous}
rNeg   + . .     rCorr    .     (no shield)
rPois  .         rRot     .     K - +0 hat {MR+}
rElec  +         Spirit   .     A - +2 cloak {MR+}
SustAb .         Warding  .     o - +2 pair of gloves {Dex+3}
rMut   .         Stasis   .     H - +1 pair of boots of the Seven of Cups {+Inv rElec rN+ Str-1}
Gourm  +                        D - amulet of the gourmand
MR     +++..                    E - ring of Ofixt {Dex+3 Int-2 SInv}
                                G - +5 ring of protection

@: engulfed (cannot breathe), slow, extremely resistant to hostile enchantments,
extremely unstealthy
A: retaliatory headbutt, horns 2
a: Minor Destruction, Lesser Servant of Makhleb, Major Destruction, Greater
Servant of Makhleb, Renounce Religion, Evoke Invisibility


You were on level 2 of the Shoals.
You worshipped Makhleb.
Makhleb was exalted by your worship.
You were not hungry.

You visited 6 branches of the dungeon, and saw 35 of its levels.

You collected 3795 gold pieces.
You spent 2186 gold pieces at shops.

Inventory:

Hand weapons
 F - a +9 great mace of holy wrath (weapon)
Armour
 o - a +2 pair of gloves of dexterity (worn)
 A - a +2 cloak of magic resistance (worn)
 H - the +1 pair of boots of the Seven of Cups (worn) {+Inv rElec rN+ Str-1}
   (You found it on level 11 of the Dungeon)

   It affects your strength (-1).
   It insulates you from electricity.
   It protects you from negative energy.
   It lets you turn invisible.
 J - a +10 plate armour of ponderousness (worn)
 K - a +0 hat of magic resistance (worn)
Magical devices
 a - a wand of paralysis (10)
 i - a wand of fire (5) {unknown}
Comestibles
 d - 25 bread rations
 g - 7 meat rations
 L - 15 fruits
Scrolls
 b - a scroll of amnesia
 f - 3 scrolls of enchant armour
 k - 10 scrolls of remove curse
 n - 8 scrolls of blinking
 p - 7 scrolls of recharging
 u - 3 scrolls of identify
 w - a scroll of vulnerability
 x - 4 scrolls of magic mapping
 y - a scroll of fear
 C - 9 scrolls of teleportation
 Q - a scroll of enchant weapon
 T - a scroll of holy word {unknown}
Jewellery
 h - an uncursed ring of protection from fire
 v - an uncursed ring of protection from fire
 z - an uncursed amulet of resist corrosion {unknown}
 B - an uncursed amulet of rage {unknown}
 D - an amulet of the gourmand (around neck)
 E - the ring of Ofixt (right hand) {Dex+3 Int-2 SInv}
   (You found it on level 6 of the Lair of Beasts)

   [ring of see invisible]

   It affects your intelligence (-2).
   It affects your dexterity (+3).
   It enhances your eyesight.
 G - a +5 ring of protection (left hand)
 M - a cursed amulet of inaccuracy {unknown}
 N - an uncursed amulet of resist mutation {unknown}
 R - a cursed ring of teleportation {unknown}
 S - an uncursed ring of fire {unknown}
Potions
 c - a potion of curing
 e - 6 potions of might
 j - 5 potions of brilliance
 m - 2 potions of restore abilities
 q - 9 potions of agility
 r - a potion of invisibility
 s - 3 potions of mutation
 t - 2 potions of lignification {unknown}
 I - 5 potions of berserk rage
 O - a potion of haste
 P - 2 potions of magic


   Skills:
 - Level 22.0 Fighting
 - Level 20.0 Maces & Flails
 - Level 18.0 Armour
 + Level 9.4 Dodging
   Level 3.6 Shields
 - Level 10.0 Invocations


You had 17 spell levels left.
You didn't know any spells.

Dungeon Overview and Level Annotations

Branches:
Dungeon (15/15)            Temple (1/1) D:4             Orc (4/4) D:12
    Elf (0/3) Orc:3          Lair (8/8) D:9          Shoals (2/5) Lair:4
  Snake (5/5) Lair:6        Slime (0/6) Lair:6       Vaults (0/5) D:14
 Depths (0/5) D:15

Altars:
Ashenzari
Cheibriados
Dithmenos
Elyvilon
Fedhas
Gozag
Kikubaaqudgha
Makhleb
Nemelex Xobeh
Okawaru
Qazlal
Sif Muna
Trog
Vehumet
Xom
Yredelemnul
Zin
The Shining One

Shops:
D:6 %   D:8 !   D:11 [   Orc:3 *   Orc:4 ?*(*(   Shoals:1 %   Shoals:2 [


Innate Abilities, Weirdness & Mutations

You reflexively headbutt those who attack you in melee.
You have a pair of horns on your head.


Message History

The faun wields a sling.
The faun shoots a sling bullet.
The sling bullet hits you but does no damage.
You hear a splash.
The water nymph touches you. The water nymph drowns you!
* * * LOW HITPOINT WARNING * * *
The faun unwields an uncursed quarterstaff.
The faun wields a sling.
The faun shoots a stone.
The stone hits you but does no damage.
The faun shoots an exploding sling bullet.
The exploding sling bullet barely misses you.
The exploding sling bullet explodes!
The explosion of sling bullet fragments engulfs you!
The explosion of sling bullet fragments engulfs the water elemental.
The explosion of sling bullet fragments engulfs the water nymph.
A faun comes into view. It is wielding a club.
Use which ability? (? or * to list)
You don't have enough health at the moment.
You closely miss the water nymph.
The water nymph is severely wounded.
You die...

≈ . ≈≈≈≈≈ ≈≈≈c ≈≈≈≈≈≈≈≈≈≈≈≈c
≈≈≈≈≈≈≈≈≈≈≈≈≈.c
≈≈≈≈≈≈≈≈≈≈≈≈..≈c# ≈≈≈≈≈≈≈≈≈
≈≈≈≈...# ≈≈≈≈≈≈≈..
..≈≈..[.....
≈≈≈≈≈≈≈.###...###........
≈.≈≈≈≈≈≈.≈m@........≈....≈≈≈
≈≈≈≈≈≈≈≈.≈E≈........≈≈≈≈≈≈≈≈
≈≈≈≈≈≈≈≈≈.≈..........≈≈≈≈≈≈≈
≈≈≈≈≈≈≈≈≈............≈≈≈≈≈≈≈
≈≈≈≈≈≈≈≈≈≈≈.......(.≈≈(≈≈≈≈
≈≈≈≈≈≈≈≈≈≈≈≈∩......≈≈≈≈≈≈≈≈
≈≈≈≈≈≈≈≈≈≈≈≈.......))≈≈≈≈≈≈
≈≈≈≈≈≈≈≈≈≈≈≈......<≈≈≈≈≈..
≈≈≈≈≈≈≈≈≈≈≈.....(≈≈≈≈≈...


You could see 4 fauns, a water nymph and a water elemental.

Vanquished Creatures
  Rupert (Lair:6)
  Frances (Shoals:1)
  5 greater nagas
  Maud (Shoals:1)
  Aizul (Snake:3)
  Azrael (Snake:2)
  Snorg (Lair:5)
  3 vault guards (D:14)
  A siren (Shoals:1)
  The ghost of valor the Cruncher, a powerful GrGl of Okawaru (D:11)
  Fannar (Lair:4)
  Harold (Lair:1)
  2 ice dragons (D:15)
  15 naga warriors
  12 anacondas
  4 ogre magi
  7 hydras
  13 death yaks
  The ghost of inmateoo the Martial Artist, an experienced DsMo of Gozag (D:10)
  2 tengu warriors
  9 shock serpents
  Urug (Shoals:1)
  7 naga sharpshooters
  11 centaur warriors
  A soul eater (Snake:5)
  Erolcha (Orc:2)
  4 sea snakes
  An iron troll (Orc:4)
  3 unseen horrors
  A deep troll (Orc:4)
  7 harpies (Shoals:1)
  5 naga ritualists
  A water nymph (Shoals:2)
  An ice statue (D:10)
  An orc knight (D:11)
  10 hill giants
  Joseph (Orc:1)
  5 cyclopes
  2 wolf spiders (Lair:8)
  5 fauns
  A necromancer (D:14)
  5 griffons
  The ghost of Charly the Transmogrifier, an experienced MfTm (D:6)
  5 elephants (Lair:6)
  A manticore (Shoals:1)
  A mermaid (Shoals:1)
  7 mana vipers
  54 black mambas
  13 guardian serpents
  11 salamanders
  3 drowned souls (Shoals:1)
  2 gargoyles
  2 torpor snails
  Psyche (Orc:2)
  15 spiny frogs
  2 feature mimics
  An item mimic (D:8)
  A molten gargoyle (D:14)
  A tengu conjurer (D:14)
  A centaur zombie (D:15)
  18 komodo dragons
  5 fire drakes
  15 naga magi
  A freezing wraith (D:15)
  A hydra zombie (D:15)
  12 trolls
  A blue devil (Shoals:1)
  5 merfolk
  2 human zombies (D:14)
  A wind drake (Shoals:1)
  3 polar bears
  2 snapping turtles (Shoals:1)
  Prince Ribbit (D:6)
  9 ravens
  2 boulder beetles
  4 slime creatures (D:13)
  A griffon zombie (D:15)
  19 two-headed ogres
  20 blink frogs
  15 ugly things
  6 redbacks (Lair:8)
  A tarantella (Lair:8)
  A hog (D:7)
  A spriggan (Lair:7)
  7 basilisks
  4 sharks (Lair:4)
  A deep elf mage (D:12)
  A trapdoor spider (D:11)
  2 wraiths
  2 shadows
  Eustachio (D:7)
  4 fire elementals (Snake:2)
  A hill giant zombie (D:14)
  3 vampire mosquitoes (D:15)
  5 wyverns
  22 humans
  A steam dragon (Lair:8)
  Grum (D:10)
  36 yaks
  12 hippogriffs
  5 deep elf fighters
  3 soldier ants
  15 wolves
  49 nagas
  3 hungry ghosts
  4 mottled dragons
  A tengu zombie (D:12)
  A hell hound (Snake:2)
  A necrophage (D:6)
  3 ice beasts
  41 water moccasins
  2 black bears
  5 spiders (Lair:8)
  2 yellow wasps (Lair:8)
  19 orc warriors
  2 swamp drakes
  8 porcupines
  3 phantoms
  14 crocodiles
  7 sky beasts
  5 boggarts (D:15)
  15 centaurs
  Sigmund (D:6)
  Duvessa (D:4)
  51 ogres
  2 big kobolds (D:9)
  2 boring beetles
  A gnoll sergeant (D:4)
  23 giant frogs
  7 scorpions
  3 wights (D:11)
  4 killer bees (D:13)
  A tengu skeleton (D:8)
  The ghost of Charly the Insei, a weakling MfTm (D:4)
  2 electric eels
  A lava snake (D:14)
  2 quasits
  Dowan (D:4)
  12 crimson imps
  2 goliath beetles
  23 orc wizards
  4 gnoll shamans (D:4)
  A centaur skeleton (D:8)
  A giant frog zombie (D:8)
  10 hounds
  3 jellies
  18 worker ants
  15 orc priests
  15 iguanas
  15 sheep
  Ijyb (D:6)
  A mottled dragon skeleton (D:13)
  2 ogre skeletons
  A hound skeleton (D:7)
  A mummy (D:8)
  43 adders
  36 gnolls
  53 green rats
  A shadow imp (D:14)
  2 giant mites (D:6)
  2 worms (D:3)
  An adder zombie (D:6)
  An iguana zombie (D:6)
  An adder skeleton (D:4)
  7 giant geckos
  151 orcs
  9 bats
  A bat skeleton (D:4)
  2 giant cockroaches
  15 goblins
  20 hobgoblins
  26 kobolds
  15 quokkas
  8 ball pythons
  5 giant newts
  2 goblin skeletons (D:4)
  28 jackals
  2 kobold skeletons
  2 orc skeletons
  18 rats
  6 ballistomycetes (D:8)
  3 fungi
  A plant (Lair:3)
1425 creatures vanquished.

Vanquished Creatures (collateral kills)
  A naga warrior (Snake:5)
  A salamander (Snake:5)
  A mana viper (Snake:5)
  A guardian serpent (Snake:5)
  4 nagas (Snake:5)
8 creatures vanquished.

Vanquished Creatures (others)
  Asterion (Snake:3)
  A fire dragon (Lair:8)
  13 drowned souls (Shoals:1)
  2 fire vortices (D:14)
  An adder (Lair:1)
  A giant spore (D:8)
  5 fungi
  4 plants
28 creatures vanquished.

Grand Total: 1461 creatures vanquished

Notes
Turn   | Place    | Note
--------------------------------------------------------------
     0 | D:1      | Kenran, the Minotaur Fighter, began the quest for the Orb.
     0 | D:1      | Reached XP level 1. HP: 19/19 MP: 1/1
   160 | D:1      | Reached XP level 2. HP: 24/26 MP: 1/1
   430 | D:2      | Reached skill level 4 in Maces & Flails
   553 | D:2      | Found a sparkling altar of Nemelex Xobeh.
   565 | D:2      | Reached XP level 3. HP: 26/31 MP: 2/2
   992 | D:2      | Reached skill level 5 in Maces & Flails
  1060 | D:2      | Reached XP level 4. HP: 39/39 MP: 2/2
  1316 | D:3      | Reached skill level 6 in Maces & Flails
  1409 | D:3      | Reached XP level 5. HP: 45/45 MP: 2/2
  1874 | D:3      | Reached skill level 7 in Maces & Flails
  2054 | D:4      | Found a blossoming altar of Fedhas.
  2054 | D:4      | Found an opulent altar of Gozag.
  2054 | D:4      | Found a shadowy altar of Dithmenos.
  2065 | D:4      | Noticed Charly's ghost (weakling MfTm)
  2073 | D:4      | Killed Charly's ghost
  2134 | D:4      | Noticed an ogre
  2147 | D:3      | Reached XP level 6. HP: 51/51 MP: 3/3
  2281 | D:4      | Reached skill level 8 in Maces & Flails
  2294 | D:4      | Noticed an ogre
  2297 | D:4      | Noticed an ogre
  2301 | D:4      | Killed an ogre
  2315 | D:5      | Entered Level 5 of the Dungeon
  2474 | D:4      | Killed an ogre
  2474 | D:4      | Reached skill level 9 in Maces & Flails
  2474 | D:4      | Reached XP level 7. HP: 57/57 MP: 3/3
  2501 | D:4      | Found a staircase to the Ecumenical Temple.
  2513 | Temple   | Entered the Ecumenical Temple
  2563 | Temple   | Became a worshipper of Makhleb the Destroyer
  2721 | D:4      | Noticed Duvessa
  2722 | D:4      | Noticed Dowan
  2740 | D:4      | Killed Duvessa
  2740 | D:4      | Reached skill level 10 in Maces & Flails
  2760 | D:4      | Killed Dowan
  3385 | D:4      | Acquired Makhleb's first power
  3473 | D:4      | Reached skill level 11 in Maces & Flails
  3491 | D:4      | Reached XP level 8. HP: 51/64 MP: 3/3
  4182 | D:4      | Acquired Makhleb's second power
  4213 | D:4      | Reached skill level 12 in Maces & Flails
  4802 | D:4      | Acquired Makhleb's third power
  4886 | D:4      | Killed an ogre
  5290 | D:5      | Reached skill level 5 in Fighting
  5844 | D:5      | Found a deep blue altar of Sif Muna.
  5844 | D:5      | Found a radiant altar of Vehumet.
  6232 | D:6      | Reached XP level 9. HP: 73/75 MP: 4/4
  6477 | D:6      | Noticed a troll
  6483 | D:6      | Killed a troll
  6483 | D:6      | Reached skill level 13 in Maces & Flails
  6507 | D:6      | Noticed Ijyb
  6513 | D:6      | Killed Ijyb
  6638 | D:6      | Found Vukiok's Food Boutique.
  6794 | D:6      | Noticed Charly's ghost (experienced MfTm)
  6808 | D:6      | Killed Charly's ghost
  6808 | D:6      | Acquired Makhleb's fourth power
  7038 | D:6      | Noticed Sigmund
  7046 | D:6      | Killed Sigmund
  7180 | D:6      | Noticed Prince Ribbit
  7187 | D:6      | Killed Prince Ribbit
  7756 | D:7      | Reached skill level 10 in Fighting
  7842 | D:7      | Acquired Makhleb's fifth power
  8023 | D:7      | Noticed Eustachio
  8045 | D:7      | Killed Eustachio
  8045 | D:7      | Reached XP level 10. HP: 76/93 MP: 4/4
  8187 | D:7      | Got a fine scimitar
  8188 | D:7      | Identified the +6 scimitar of Shyeq {speed, rN+} (You found it on level 7 of the Dungeon)
  8486 | D:7      | Reached skill level 14 in Maces & Flails
  8869 | D:8      | Found Evveit's Distillery.
  9818 | D:9      | Found a staircase to the Lair.
 10128 | Lair:1   | Entered Level 1 of the Lair of Beasts
 10310 | Lair:1   | Reached XP level 11. HP: 82/108 MP: 4/4
 10484 | Lair:1   | Noticed Harold
 10512 | Lair:1   | Killed Harold
 10512 | Lair:1   | Reached skill level 15 in Fighting
 11136 | Lair:1   | Reached skill level 16 in Fighting
 11700 | Lair:2   | Reached skill level 5 in Armour
 12392 | Lair:3   | Reached skill level 17 in Fighting
 12392 | Lair:3   | Reached XP level 12. HP: 123/125 MP: 5/5
 13169 | Lair:4   | Noticed Fannar
 13170 | Lair:4   | Noticed a seven-headed hydra
 13183 | Lair:4   | Killed Fannar
 13188 | Lair:4   | Killed a seven-headed hydra
 13197 | Lair:4   | Reached skill level 10 in Armour
 13606 | Lair:4   | Found a staircase to the Shoals.
 13649 | Lair:4   | Noticed a five-headed hydra
 13663 | Lair:4   | Killed a five-headed hydra
 14120 | Lair:5   | Noticed Snorg
 14138 | Lair:5   | Killed Snorg
 14317 | Lair:5   | Found a white marble altar of Elyvilon.
 14317 | Lair:5   | Noticed a seven-headed hydra
 14342 | Lair:5   | Killed a seven-headed hydra
 14485 | Lair:5   | Noticed an eight-headed hydra
 14487 | Lair:5   | Identified the Papyrus of Dislocation (You found it on level 5 of the Lair of Beasts)
 14497 | Lair:5   | Killed an eight-headed hydra
 14520 | Lair:5   | Reached XP level 13. HP: 126/134 MP: 5/5
 14604 | Lair:5   | Reached skill level 18 in Fighting
 15596 | Lair:6   | Got a slimy lead ring
 15598 | Lair:6   | Identified the ring of Ofixt {Dex+3 Int-2 SInv} (You found it on level 6 of the Lair of Beasts)
 15642 | Lair:6   | Reached skill level 19 in Fighting
 15655 | Lair:6   | Found a staircase to the Snake Pit.
 15673 | Lair:6   | Reached skill level 1 in Invocations
 15871 | Lair:6   | Found a staircase to the Slime Pits.
 15989 | Lair:6   | Noticed Rupert
 15991 | Lair:6   | Paralysed by Rupert for 4 turns
 16012 | Lair:6   | Killed Rupert
 16391 | Lair:6   | Reached skill level 15 in Maces & Flails
 16407 | Lair:6   | Reached skill level 5 in Invocations
 16909 | Lair:7   | Reached XP level 14. HP: 112/146 MP: 17/19
 17696 | Lair:8   | Entered Level 8 of the Lair of Beasts
 18409 | Lair:8   | Identified the Almanac of Beguiling and Flight
 20231 | D:10     | Entered Level 10 of the Dungeon
 20317 | D:10     | Noticed Grum
 20336 | D:10     | Killed Grum
 20491 | D:10     | Noticed inmateoo's ghost (experienced DsMo)
 20509 | D:10     | Killed inmateoo's ghost
 21306 | D:11     | Reached skill level 10 in Invocations
 21371 | D:11     | Found an iron altar of Okawaru.
 21479 | D:11     | Reached XP level 15. HP: 137/152 MP: 25/25
 21544 | D:11     | Noticed valor's ghost (powerful GrGl)
 22037 | D:11     | Killed valor's ghost
 22138 | D:11     | Found Schoegank's Antique Armour Shop.
 22147 | D:11     | Bought a slimy plate armour for 868 gold pieces
 22148 | D:11     | Identified the +2 plate armour "Xyhirgh" {Str+2 Slay+4} (You bought it in a shop on level 11 of the Dungeon)
 22342 | D:11     | Got a pair of steaming boots
 22343 | D:11     | Identified the +1 pair of boots of the Seven of Cups {+Inv rElec rN+ Str-1} (You found it on level 11 of the Dungeon)
 23405 | D:12     | Found a staircase to the Orcish Mines.
 23674 | Orc:1    | Entered Level 1 of the Orcish Mines
 23760 | Orc:2    | Noticed Erolcha
 23765 | Orc:2    | Killed Erolcha
 23766 | Orc:2    | Noticed Psyche
 23776 | Orc:2    | Killed Psyche
 23928 | Orc:3    | Found a staircase to the Elven Halls.
 23931 | Orc:3    | Found Ytrunink's Assorted Antiques.
 23989 | Orc:3    | Bought a twitching platinum ring for 120 gold pieces
 23990 | Orc:3    | Identified the ring "Ghyelyro" {+/*Tele +Rage rF+} (You bought it in a shop on level 3 of the Orcish Mines)
 24061 | Orc:4    | Entered Level 4 of the Orcish Mines
 24083 | Orc:4    | Found Goad's General Store.
 24448 | Orc:4    | Found Ineplaz's General Store.
 24448 | Orc:4    | Found Stykk's Magic Scroll Shoppe.
 24451 | Orc:4    | Found Yni Lada's Antique Weapon Emporium.
 24507 | Orc:4    | Bought an ebony flail for 238 gold pieces
 24508 | Orc:4    | Identified the +4 flail of Poesid {freeze, +Fly rElec Dex+2} (You bought it in a shop on level 4 of the Orcish Mines)
 24567 | Orc:4    | Bought a scroll of acquirement for 676 gold pieces
 24620 | Orc:4    | Found Loebiets' Weapon Shoppe.
 25198 | Orc:2    | Found a bloodstained altar of Trog.
 25367 | Orc:1    | Noticed Joseph
 25376 | Orc:1    | Killed Joseph
 25771 | D:13     | Reached skill level 20 in Fighting
 26396 | Orc:3    | Bought a scroll of enchant weapon for 180 gold pieces
 26488 | D:14     | Found a burning altar of Makhleb.
 27421 | D:14     | Found a gate to the Vaults.
 27702 | D:14     | Reached XP level 16. HP: 162/162 MP: 25/25
 27915 | D:15     | Entered Level 15 of the Dungeon
 28245 | D:15     | Found a staircase to the Depths.
 29161 | Snake:1  | Entered Level 1 of the Snake Pit
 29216 | Snake:1  | Reached skill level 15 in Armour
 30380 | Snake:2  | Noticed Azrael
 30384 | Snake:2  | Killed Azrael
 31411 | Snake:3  | Noticed Aizul
 31426 | Snake:3  | Killed Aizul
 31557 | Snake:3  | Noticed Asterion
 31580 | Snake:3  | Killed Asterion
 32061 | Snake:3  | Reached XP level 17. HP: 155/170 MP: 21/26
 32794 | Snake:4  | Reached skill level 1 in Dodging
 33324 | Snake:5  | Entered Level 5 of the Snake Pit
 35224 | Snake:5  | Reached skill level 21 in Fighting
 35855 | Snake:5  | Reached skill level 5 in Dodging
 37815 | D:8      | Bought a potion of curing for 26 gold pieces
 37815 | D:8      | Bought a potion of heal wounds for 39 gold pieces
 37815 | D:8      | Bought a potion of heal wounds for 39 gold pieces
 38036 | Shoals:1 | Entered Level 1 of the Shoals
 38068 | Shoals:1 | Noticed Urug
 38087 | Shoals:1 | Killed Urug
 38087 | Shoals:1 | Reached skill level 22 in Fighting
 38134 | Shoals:1 | Noticed Frances
 38162 | Shoals:1 | Killed Frances
 38250 | Shoals:1 | Reached XP level 18. HP: 178/184 MP: 27/27
 38252 | Shoals:1 | Noticed Maud
 38265 | Shoals:1 | Killed Maud
 38758 | Shoals:1 | Found Grehufox's Food Boutique.
 39312 | Shoals:2 | Found Psar Clywomn's Armour Shoppe.
 39653 | Shoals:2 | HP: 2/184 [water nymph (9)]
 39654 | Shoals:2 | Drowned by a water elemental

Action                   |  1- 3 |  4- 6 |  7- 9 | 10-12 | 13-15 | 16-18 || total
-------------------------+-------+-------+-------+-------+-------+-------++-------
Melee: Flail             |    93 |   151 |   249 |       |       |       ||   493
       Whip              |       |       |   294 |   807 |  1850 |       ||  2951
       Great mace        |       |       |       |       |   195 |  1164 ||  1359
Invok: Greater Servant o |       |       |       |       |       |     2 ||     2
       Major Destruction |       |       |       |       |       |     1 ||     1
Evoke: Wand              |       |       |       |       |       |     2 ||     2
  Use: Scroll            |       |     3 |    13 |     4 |    21 |    19 ||    60
       Potion            |       |     1 |       |       |     6 |    18 ||    25
 Stab: Distracted        |       |       |       |       |       |     1 ||     1
